 Dungeon Crawl Stone Soup version bcrawl-1.37.1 (webtiles) character file.

Game seed: 10330927649942211888

128528 Hadkhar the Sneak (level 5, 0/50 HPs)
             Began as a Naga Monk on Oct 12, 2022.
             Slain by Edmund
             ... wielding a +2 dire flail of protection
              (1 damage)
             ... on level 4 of the Dungeon.
             The game lasted 00:24:58 (3136 turns).

Hadkhar the Sneak (Naga Monk)                       Turns: 3136, Time: 00:24:58

Health: 0/50       AC:  6    Str: 15    XL:     5   Next: 55%
Magic:  0/6        EV:  8    Int: 10    God:
Gold:   134        SH:  0    Dex: 13    Spells: 4/4 levels left

rFire    . . .     GDR:     27% a - +0 hand axe
rCold    . . .     SeeInvis +   (no shield)
rNeg     . . .     Gourm    .   q - +0 scale mail
rPois    +         Faith    .   (no helmet)
rElec    +         Spirit   +   (no cloak)
rCorr    .         Reflect  .   k - +0 pair of gloves
MR       .....                  (no barding)
Stlth    +.........             d - amulet of guardian spirit
HPRegen  0.18/turn              l - ring of insulation
MPRegen  0.10/turn              (no ring)

@: very slow
A: large, tail, swims, see invisible, deformed body, poison resistance, slowness
2, slow metabolism 1, spit poison 1, AC +1
a: Spit Poison


You were on level 4 of the Dungeon.
You were very hungry.

You visited 1 branch of the dungeon, and saw 4 of its levels.

You collected 134 gold pieces.

Inventory:

Hand Weapons
 a - a +0 hand axe (weapon)
Missiles
 c - 434 arrows
 g - 483 stones (quivered)
 p - 98 poisoned tomahawks
 s - 223 sling bullets
Armour
 k - a +0 pair of gloves (worn)
 q - a +0 scale mail (worn)
 r - a +0 leather armour
 v - a +0 chain mail
Jewellery
 d - an amulet of guardian spirit (around neck)
 l - a ring of insulation (left hand)
Scrolls
 f - 3 scrolls of remove curse
 o - a scroll of teleportation {unknown}
 x - a scroll of blinking {unknown}
Potions
 b - a potion of magic
 h - 3 potions of brilliance
 m - 3 potions of curing
 n - a potion of degeneration
 t - 2 potions of heal wounds
 u - a potion of ambrosia {unknown}
 w - a potion of might {unknown}
Comestibles
 e - a ration {!d}


   Skills:
 * Level 3.8 Fighting
 + Level 4.1 Axes
 + Level 2.1 Armour
 - Level 2.4 Dodging
 * Level 4.6 Stealth
   Level 2.1 Invocations


You had 4 spell levels left.
You didn't know any spells.
Your spell library was empty.

Dungeon Overview and Level Annotations

Branches:
Dungeon (4/12)
 Temple: D:4-7

Altars:

Annotations:
D:4 Edmund


Innate Abilities, Weirdness & Mutations

You cannot wear boots.
You can swim through water.
Your serpentine skin is tough. (AC +1)
You have supernaturally acute eyesight. (SInv)
Armour fits poorly on your strangely shaped body.
Your system is resistant to poisons. (rPois)
You cover ground very slowly.
You have a slow metabolism.
You can spit poison.


Message History

Edmund hits you but does no damage. Edmund hits you but does no damage.
Edmund barely misses you.
Edmund hits you with a +2 dire flail of protection!
* * * LOW HITPOINT WARNING * * *
Edmund barely misses you.
Edmund hits you with a +2 dire flail of protection.
* * * LOW HITPOINT WARNING * * *
You hit Edmund but do no damage.
Edmund hits you with a +2 dire flail of protection!
* * * LOW HITPOINT WARNING * * *
You hit Edmund.
Edmund is lightly wounded.
Edmund hits you with a +2 dire flail of protection!
* * * LOW HITPOINT WARNING * * *
Edmund misses you.
You slash Edmund!
Edmund is lightly wounded.
Edmund hits you with a +2 dire flail of protection.
You die...

#.##.###.# #........#
#+# ####.##### #.#
#.# #.# #.# ##.##
##.## ##§§§## ##...##
###§§§§.###.#
#.###.###§§.§§§.>...#
#.# #[@@ZZ###§#######
#.###.##### #§#
##...## #Z# ##### #.#
#.# #.# #.# #.# #
####.##.###


You could see Edmund (berserk), a quokka zombie and a hound skeleton.

Vanquished Creatures
  A hound zombie (D:4)
  A howler monkey skeleton (D:4)
  2 worker ant zombies (D:4)
  5 adders (D:3)
  An ooze (D:3)
  2 dart slugs
  3 leopard geckos
  12 orcs
  A giant cockroach (D:1)
  3 goblins
  4 hobgoblins
  11 jackals
  5 kobolds
  A quokka (D:2)
  A ball python (D:2)
  3 bats
  A frilled lizard (D:1)
  2 rats (D:2)
59 creatures vanquished.

Notes
Turn   | Place    | Note
-------+----------+-------------------------------------------
     0 | D:1      | Hadkhar the Naga Monk began the quest for the Orb.
     0 | D:1      | Reached XP level 1. HP: 21/21 MP: 2/2
   218 | D:1      | Reached XP level 2. HP: 22/28 MP: 1/3
  1189 | D:2      | Reached XP level 3. HP: 33/34 MP: 4/4
  2044 | D:3      | Reached skill level 1 in Armour
  2162 | D:3      | Reached XP level 4. HP: 41/42 MP: 5/5
  2640 | D:3      | Reached XP level 5. HP: 38/49 MP: 4/6
  3109 | D:4      | Noticed Edmund
  3135 | D:4      | HP: 1/50 [Edmund/+2 dire flail of protection (6)]
  3136 | D:4      | Slain by Edmund

Skill      XL: |  1  2  3  4  5 |
---------------+----------------+-----
Stealth        | 4 |  4.6
Armour         | 1 2 |  2.1
Axes           | 4 |  4.1
Fighting       | |  3.8
Dodging        | |  2.4
Invocations    | |  2.1

Action                   |  1- 3 |  4- 6 || total
-------------------------+-------+-------++-------
Melee: Hand axe          |   127 |   131 ||   258
Throw: Stone             |    15 |    14 ||    29
  Use: Scroll            |     5 |     2 ||     7
 Stab: Sleeping          |     1 |     1 ||     2
       Distracted        |     1 |       ||     1
  Eat: Chunk             |     3 |     5 ||     8
       Ration            |     1 |       ||     1
Armor: Robe              |    13 |       ||    13
       Ring mail         |     5 |       ||     5
       Scale mail        |    33 |    53 ||    86
Dodge: Dodged            |    75 |    62 ||   137
